TOP OF THE 1ST |
---|
Kalamazoo Royale with Cheese batting - Pitching for Houston Marshals : LHP Stan Aldridge | Pitching: LHP Stan Aldridge | | Batting: LHB Keith Tillman | 0-0: Ball 1-0: Ground out U3 (Groundball, 3) | Batting: LHB Francisco Vega | 0-0: Ball 1-0: SINGLE (Groundball, 56D) | Batting: LHB Roberto Sandoval | 0-0: Ball 1-0: Grounds into double play, 4-6-3 (Groundball, 4) | Top of the 1st over - 0 runs, 1 hit, 0 errors, 0 left on base; Kalamazoo 0 - Houston 0 | BOTTOM OF THE 1ST |
---|
Houston Marshals batting - Pitching for Kalamazoo Royale with Cheese : LHP Lorenzo Sánchez | Pitching: LHP Lorenzo Sánchez | | Batting: LHB Guy Moss | 0-0: Swinging Strike 0-1: Swinging Strike 0-2: Foul Ball, location: 2F 0-2: Ball 1-2: Ball 2-2: Ball 3-2: Strikes out swinging | Batting: RHB Javier Rentería | 0-0: Ground out 4-3 (Groundball, 4) | Batting: RHB Chris Parker | 0-0: Ball 1-0: Called Strike 1-1: Foul Ball, location: 2F 1-2: Foul Ball, location: 2F 1-2: Foul Ball, location: 2F 1-2: Ground out 5-3 (Groundball, 5S) | Bottom of the 1st over - 0 runs, 0 hits, 0 errors, 0 left on base; Kalamazoo 0 - Houston 0 | TOP OF THE 2ND |
---|
Kalamazoo Royale with Cheese batting - Pitching for Houston Marshals : LHP Stan Aldridge | Batting: SHB Caden Keith | 0-0: Ground out 4-3 (Groundball, 4) | Batting: LHB Jacob Wright | 0-0: Foul Ball, location: 2F 0-1: Foul Ball, location: 2F 0-2: Ground out 1-3 (Groundball, 13) | Batting: RHB Jimmy Simon | 0-0: Ball 1-0: SINGLE (Groundball, 3D) | Batting: RHB Tae-kwon Kwon | 0-0: Called Strike 0-1: Ball 1-1: Called Strike 1-2: Foul Ball, location: 2F 1-2: Ground out U3 (Groundball, 34S) | Top of the 2nd over - 0 runs, 1 hit, 0 errors, 1 left on base; Kalamazoo 0 - Houston 0 | BOTTOM OF THE 2ND |
---|
Houston Marshals batting - Pitching for Kalamazoo Royale with Cheese : LHP Lorenzo Sánchez | Batting: LHB José Rodríguez | 0-0: Ball 1-0: Swinging Strike 1-1: Foul Ball, location: 2F 1-2: Ball 2-2: Ball 3-2: Base on Balls | Batting: RHB Jim Tracy | 0-0: Called Strike 0-1: Swinging Strike 0-2: Grounds into double play, 4-6-3 (Groundball, 4M) | Batting: RHB Esteban Lara | 0-0: Fly out, F9 (Flyball, 9S) | Bottom of the 2nd over - 0 runs, 0 hits, 0 errors, 0 left on base; Kalamazoo 0 - Houston 0 | TOP OF THE 3RD |
---|
Kalamazoo Royale with Cheese batting - Pitching for Houston Marshals : LHP Stan Aldridge | Batting: RHB Yoshihide Takahashi | 0-0: Foul Ball, location: 2F 0-1: Ball 1-1: Fly out, F8 (Flyball, 8LM) | Batting: LHB Javier Espinoza | 0-0: Foul Ball, location: 2F 0-1: Ball 1-1: DOUBLE (Line Drive, 89XD) | Batting: LHB Keith Tillman | 0-0: Ball 1-0: Called Strike 1-1: Ball 2-1: Swinging Strike 2-2: Ground out 4-3 (Groundball, 4) Javier Espinoza to third | Batting: LHB Francisco Vega | 0-0: Called Strike 0-1: Called Strike 0-2: Fly out, F5 (Flyball, 56D) | Top of the 3rd over - 0 runs, 1 hit, 0 errors, 1 left on base; Kalamazoo 0 - Houston 0 | BOTTOM OF THE 3RD |
---|
Houston Marshals batting - Pitching for Kalamazoo Royale with Cheese : LHP Lorenzo Sánchez | Batting: RHB Michael Thomas | 0-0: Ball 1-0: Called Strike 1-1: Called Strike 1-2: Ball 2-2: Fly out, F9 (Flyball, 89M) | Batting: RHB Tony Reyes | 0-0: Ball 1-0: SINGLE (Groundball, 5D) | Batting: LHB Matt Smith | 0-0: Hit by Pitch Tony Reyes to second | Batting: LHB Guy Moss | 0-0: Ball 1-0: Foul Ball, location: 2F 1-1: Ball 2-1: Called Strike 2-2: Strikes out swinging | Batting: RHB Javier Rentería | 0-0: Ball 1-0: Ball 2-0: Fielders Choice at 2nd, 6-4 (Groundball, 6) | Bottom of the 3rd over - 0 runs, 1 hit, 0 errors, 2 left on base; Kalamazoo 0 - Houston 0 | TOP OF THE 4TH |
---|
Kalamazoo Royale with Cheese batting - Pitching for Houston Marshals : LHP Stan Aldridge | Batting: LHB Roberto Sandoval | 0-0: Ball 1-0: Ball 2-0: SOLO HOME RUN (Flyball, 9LD), Distance : 350 ft | Batting: SHB Caden Keith | 0-0: Called Strike 0-1: Fly out, F7 (Flyball, 7D) | Batting: LHB Jacob Wright | 0-0: Ground out 4-3 (Groundball, 4MS) | Batting: RHB Jimmy Simon | 0-0: Ball 1-0: Ball 2-0: Swinging Strike 2-1: DOUBLE (Groundball, 5L) | Batting: RHB Tae-kwon Kwon | 0-0: Called Strike 0-1: Called Strike 0-2: Ball 1-2: Foul Ball, location: 2F 1-2: SINGLE (Groundball, 6MD) Jimmy Simon to third Runner from 3rd tries for Home, SAFE, no throw | Batting: RHB Yoshihide Takahashi | 0-0: Ball Pickoff Throw to First - Error! E1 Tae-kwon Kwon to second 1-0: Ball 2-0: Ground out 6-3 (Groundball, 6) | Top of the 4th over - 2 runs, 3 hits, 1 error, 1 left on base; Kalamazoo 2 - Houston 0 | BOTTOM OF THE 4TH |
---|
Houston Marshals batting - Pitching for Kalamazoo Royale with Cheese : LHP Lorenzo Sánchez | Batting: RHB Chris Parker | 0-0: Called Strike 0-1: Ball 1-1: Ball 2-1: Ball 3-1: Called Strike 3-2: Fly out, F9 (Flyball, 9S) | Batting: LHB José Rodríguez | 0-0: Called Strike 0-1: SOLO HOME RUN (Flyball, 9LD), Distance : 335 ft | Batting: RHB Jim Tracy | 0-0: Ball 1-0: Called Strike 1-1: Called Strike 1-2: Ball 2-2: Foul Ball, location: 2F 2-2: Strikes out swinging | Batting: RHB Esteban Lara | 0-0: Ground out 3-1 (Groundball, 34S) | Bottom of the 4th over - 1 run, 1 hit, 0 errors, 0 left on base; Kalamazoo 2 - Houston 1 | TOP OF THE 5TH |
---|
Kalamazoo Royale with Cheese batting - Pitching for Houston Marshals : LHP Stan Aldridge | Batting: LHB Javier Espinoza | 0-0: Ball 1-0: Ball 2-0: Swinging Strike 2-1: Foul Ball, location: 2F 2-2: Strikes out swinging | Batting: LHB Keith Tillman | 0-0: SINGLE (Groundball, 34D) | Batting: LHB Francisco Vega | 0-0: Ball 1-0: Grounds into double play, 6-4-3 (Groundball, 6) | Top of the 5th over - 0 runs, 1 hit, 0 errors, 0 left on base; Kalamazoo 2 - Houston 1 | BOTTOM OF THE 5TH |
---|
Houston Marshals batting - Pitching for Kalamazoo Royale with Cheese : LHP Lorenzo Sánchez | Batting: RHB Michael Thomas | 0-0: Ball 1-0: Ball 2-0: Called Strike 2-1: Foul Ball, location: 2F 2-2: Fly out, F9 (Flyball, 9S) | Batting: RHB Tony Reyes | 0-0: Called Strike 0-1: Ball 1-1: Swinging Strike 1-2: Ball 2-2: Ball 3-2: Ground out 5-3 (Groundball, 56) | Batting: LHB Matt Smith | 0-0: Ball 1-0: Swinging Strike 1-1: Ball 2-1: Reached on error, E4 (Groundball, 4S) | Batting: LHB Guy Moss | 0-0: Called Strike 0-1: Called Strike 0-2: Strikes out swinging | Bottom of the 5th over - 0 runs, 0 hits, 1 error, 1 left on base; Kalamazoo 2 - Houston 1 | TOP OF THE 6TH |
---|
Kalamazoo Royale with Cheese batting - Pitching for Houston Marshals : LHP Stan Aldridge | Batting: LHB Roberto Sandoval | 0-0: Ground out 4-3 (Groundball, 34) | Batting: SHB Caden Keith | 0-0: Ball 1-0: Called Strike 1-1: Ball 2-1: Foul Ball, location: 2F 2-2: Foul Ball, location: 2F 2-2: Ball 3-2: SINGLE (Line Drive, 9S) | Batting: LHB Jacob Wright | 0-0: Ball 1-0: Called Strike Caden Keith steals 2nd base 1-1: Swinging Strike 1-2: Ball 2-2: Ground out 4-3 (Groundball, 4) Caden Keith to third | Batting: RHB Jimmy Simon | 0-0: Called Strike 0-1: Ball 1-1: Ground out 4-3 (Groundball, 4D) | Top of the 6th over - 0 runs, 1 hit, 0 errors, 1 left on base; Kalamazoo 2 - Houston 1 | BOTTOM OF THE 6TH |
---|
Houston Marshals batting - Pitching for Kalamazoo Royale with Cheese : LHP Lorenzo Sánchez | Batting: RHB Javier Rentería | 0-0: Ball 1-0: Foul Ball, location: 2F 1-1: Ground out 3-1 (Groundball, 34S) | Batting: RHB Chris Parker | 0-0: Called Strike 0-1: Called Strike 0-2: Strikes out swinging | Batting: LHB José Rodríguez | 0-0: SINGLE (Line Drive, 7S) | Batting: RHB Jim Tracy | 0-0: Ball 1-0: Ball 2-0: Foul Ball, location: 2F 2-1: Ball 3-1: Base on Balls José Rodríguez to second | Batting: RHB Esteban Lara | 0-0: Swinging Strike 0-1: Called Strike 0-2: Foul Ball, location: 2F 0-2: Strikes out swinging | Bottom of the 6th over - 0 runs, 1 hit, 0 errors, 2 left on base; Kalamazoo 2 - Houston 1 | TOP OF THE 7TH |
---|
Kalamazoo Royale with Cheese batting - Pitching for Houston Marshals : LHP Stan Aldridge | Batting: RHB Tae-kwon Kwon | 0-0: Swinging Strike 0-1: Ball 1-1: Ball 2-1: Called Strike 2-2: SINGLE (Line Drive, 78S) | Batting: RHB Yoshihide Takahashi | 0-0: Ball 1-0: Bunt missed! 1-1: Ball 2-1: Bunted foul 2-2: Foul Ball, location: 2F 2-2: Foul Ball, location: 2F 2-2: SINGLE (Groundball, 6M) (infield hit) Tae-kwon Kwon to second | Batting: LHB Javier Espinoza | 0-0: Foul Ball, location: 2F 0-1: Called Strike 0-2: Ball 1-2: Ball 2-2: Ball 3-2: Ground out 4-3 (Groundball, 4S) Tae-kwon Kwon to third Yoshihide Takahashi to second | Batting: LHB Keith Tillman | 0-0: Ball 1-0: Ball 2-0: Ball 3-0: Called Strike 3-1: Foul Ball, location: 2F 3-2: Foul Ball, location: 2F 3-2: SINGLE (Groundball, 34D) Tae-kwon Kwon scores Yoshihide Takahashi to third | Pitching: RHP Jim Durham | | Batting: LHB Francisco Vega | 0-0: Ball 1-0: Fielders Choice at 2nd, 6-4 (Groundball, 6) Yoshihide Takahashi scores | Pitching: LHP Edgardo Guzmán | | Batting: LHB Roberto Sandoval | 0-0: Ball 1-0: Called Strike Francisco Vega is caught stealing 2nd base | Top of the 7th over - 2 runs, 3 hits, 0 errors, 0 left on base; Kalamazoo 4 - Houston 1 | BOTTOM OF THE 7TH |
---|
Houston Marshals batting - Pitching for Kalamazoo Royale with Cheese : LHP Lorenzo Sánchez | Batting: RHB Michael Thomas | 0-0: Ball 1-0: Swinging Strike 1-1: Called Strike 1-2: Strikes out swinging | Pitching: LHP Jason Simpson | | Batting: RHB Tony Reyes | 0-0: Swinging Strike 0-1: Ball 1-1: Called Strike 1-2: Strikes out looking | Batting: LHB Matt Smith | 0-0: Ball 1-0: Called Strike 1-1: SINGLE (Flyball, 9LS) | Batting: LHB Guy Moss | 0-0: Ball 1-0: Ball 2-0: Foul Ball, location: 2F 2-1: Ball 3-1: SINGLE (Flyball, 89S) Matt Smith to second Runner from 2nd tries for 3rd, SAFE, no throw | Batting: RHB Javier Rentería | 0-0: Fly out, F8 (Flyball, 8RD) | Bottom of the 7th over - 0 runs, 2 hits, 0 errors, 2 left on base; Kalamazoo 4 - Houston 1 | TOP OF THE 8TH |
---|
Kalamazoo Royale with Cheese batting - Pitching for Houston Marshals : LHP Edgardo Guzmán | Batting: LHB Roberto Sandoval | 0-0: Ground out 6-3 (Groundball, 56D) | Pitching: RHP Jim Daniel | | Batting: SHB Caden Keith | 0-0: Ball 1-0: Ball 2-0: Called Strike 2-1: Ball 3-1: Base on Balls | Batting: LHB Jacob Wright | 0-0: Ball 1-0: Grounds into double play, 5-4-3 (Groundball, 56) | Top of the 8th over - 0 runs, 0 hits, 0 errors, 0 left on base; Kalamazoo 4 - Houston 1 | BOTTOM OF THE 8TH |
---|
Houston Marshals batting - Pitching for Kalamazoo Royale with Cheese : LHP Jason Simpson | Pitching: RHP Frank Davis | | Batting: RHB Chris Parker | 0-0: Called Strike 0-1: Ball 1-1: SINGLE (Groundball, 6MD) | Batting: LHB José Rodríguez | 0-0: Ball 1-0: Called Strike 1-1: Called Strike 1-2: Foul Ball, location: 2F 1-2: Ball 2-2: Ball 3-2: Foul Ball, location: 2F 3-2: Strikes out swinging | Batting: RHB Jim Tracy | 0-0: Ball 1-0: Swinging Strike 1-1: Ball 2-1: 2-RUN HOME RUN (Flyball, 7LD), Distance : 393 ft | Batting: RHB Esteban Lara | 0-0: Foul Ball, location: 2F 0-1: Swinging Strike 0-2: Strikes out swinging | Batting: RHB Michael Thomas | 0-0: Ball 1-0: Foul Ball, location: 2F 1-1: Called Strike 1-2: Strikes out looking | Bottom of the 8th over - 2 runs, 2 hits, 0 errors, 0 left on base; Kalamazoo 4 - Houston 3 | TOP OF THE 9TH |
---|
Kalamazoo Royale with Cheese batting - Pitching for Houston Marshals : RHP Jim Daniel | Pitching: RHP Vinícius Itaquy | | Batting: RHB Jimmy Simon | 0-0: Fly out, F8 (Flyball, 8RM) | Batting: RHB Tae-kwon Kwon | 0-0: Ball 1-0: Ball 2-0: Foul Ball, location: 2F 2-1: Fly out, F6 (Popup, 6D) | Batting: RHB Yoshihide Takahashi | 0-0: Foul Ball, location: 2F 0-1: Foul Ball, location: 2F 0-2: Ball 1-2: Ball 2-2: Strikes out looking | Top of the 9th over - 0 runs, 0 hits, 0 errors, 0 left on base; Kalamazoo 4 - Houston 3 | BOTTOM OF THE 9TH |
---|
Houston Marshals batting - Pitching for Kalamazoo Royale with Cheese : RHP Frank Davis | Batting: RHB Tony Reyes | 0-0: Foul Ball, location: 2F 0-1: Foul Ball, location: 2F 0-2: Strikes out swinging | Batting: LHB Matt Smith | 0-0: Called Strike 0-1: Called Strike 0-2: Ball 1-2: Foul Ball, location: 2F 1-2: Ball 2-2: Foul Ball, location: 2F 2-2: Strikes out looking | Batting: LHB Guy Moss | 0-0: Ball 1-0: Called Strike 1-1: Fly out, F8 (Flyball, 78M) | Bottom of the 9th over - 0 runs, 0 hits, 0 errors, 0 left on base; Kalamazoo 4 - Houston 3 | |